 Dungeon Crawl Stone Soup version 0.22-a0-571-g4a923d4b9e (webtiles) character file.

144 PikkenKukken the Skirmisher (level 5, -1/47 HPs)
             Began as a Minotaur Abyssal Knight on July 1, 2018.
             Was a Believer of Lugonu.
             Slain by an ogre
             ... wielding a +0 giant spiked club
              (21 damage)
             ... on level 3 of the Dungeon.
             The game lasted 00:03:44 (1917 turns).

PikkenKukken the Skirmisher (MiAK)                  Turns: 1917, Time: 00:03:45

Health: -1/47      AC:  6    Str: 17    XL:     5   Next: 5%
Magic:  6/6        EV: 10    Int:  9    God:    Lugonu [**....]
Gold:   149        SH:  0    Dex: 10    Spells: 4/4 levels left

rFire    . . .     SeeInvis .   a - +2 hand axe
rCold    . . .     Gourm    .   (no shield)
rNeg     . . .     Faith    .   h - +0 scale mail
rPois    .         Spirit   .   (helmet restricted)
rElec    .         Reflect  .   (no cloak)
rCorr    .         Harm     .   (no gloves)
MR       .....                  (no boots)
Stlth    ..........             (no amulet)
HPRegen  0.15/turn              j - ring of flight
MPRegen  0.10/turn              (no ring)

@: no status effects
A: retaliatory headbutt, horns 2
a: Depart the Abyss, Bend Space, Renounce Religion, Evoke Flight


You were on level 3 of the Dungeon.
You worshipped Lugonu.
Lugonu was pleased with you.
You were not hungry.

You visited 1 branch of the dungeon, and saw 3 of its levels.
You visited the Abyss 1 time.

You collected 149 gold pieces.

Inventory:

Hand Weapons
 a - a +2 hand axe (weapon)
Missiles
 f - 15 arrows
 g - 29 bolts
 m - 31 sling bullets
Armour
 b - a +0 leather armour
 h - a +0 scale mail (worn)
Jewellery
 j - a ring of flight (left hand)
Scrolls
 d - 3 scrolls of remove curse
 n - a scroll of amnesia
Potions
 e - a potion of might
 i - a potion of magic
 l - a potion of ambrosia {unknown}
 p - a potion of invisibility {unknown}
Comestibles
 c - 5 rations
 k - 5 chunks of flesh


   Skills:
 + Level 4.5 Fighting
 + Level 3.4 Axes
 + Level 3.5 Armour
 + Level 2.4 Dodging
 + Level 2.8 Invocations


You had 4 spell levels left.
You didn't know any spells.
Your spell library was empty.

Dungeon Overview and Level Annotations

Branches:
Dungeon (3/15)

Altars:
Yredelemnul

Annotations:
D:2 1 runed door


Innate Abilities, Weirdness & Mutations

You reflexively headbutt those who attack you in melee.
You have a pair of horns on your head.


Message History

Some of the chunks of flesh in your inventory have rotted away.
A bat comes into view.
You closely miss the ogre. You headbutt the ogre.
The ogre is lightly wounded.
The ogre hits you with a giant spiked club!
You barely miss the ogre.
The ogre is lightly wounded.
The ogre barely misses you.
You hit the ogre.
The ogre is lightly wounded.
The ogre hits you with a giant spiked club!!
You are too injured to fight recklessly!
You are too injured to fight recklessly!
You are too injured to fight recklessly!
You are too injured to fight recklessly!
You are too injured to fight recklessly!
You hit the ogre. You headbutt the ogre!
The ogre is severely wounded.
The ogre hits you with a giant spiked club!!
You die...

+..........# #....+...# ..
#..........# #....#.##### ..
#......>...# ##.........#...
#..........####.....#.#.#..#
#....>.....'......#.........
#..........######.#.###.####
########......# #.#.# #[...)
#......+ ..#.# ######
#...@..# ###.# ###+#O## #.#
b.. ..... ......# ......#
......# .......


You could see an ogre and a bat.

Vanquished Creatures
  A human zombie (D:2)
  5 adders
  An ooze (D:1)
  A worm (D:3)
  3 dart slugs
  An orc (D:3)
  A ball python (D:3)
  6 bats
  5 giant cockroaches
  5 goblins
  5 hobgoblins
  3 jackals (D:2)
  4 kobolds
  A quokka (D:2)
  5 frilled lizards
  A kobold skeleton (D:2)
  7 rats
55 creatures vanquished.

Notes
Turn   | Place    | Note
-------+----------+-------------------------------------------
     0 | Abyss:1  | PikkenKukken the Minotaur Abyssal Knight began the quest for the Orb.
     0 | Abyss:1  | Reached XP level 1. HP: 19/19 MP: 1/1
    61 | Abyss:1  | Noticed an eidolon
    62 | D:1      | Escaped the Abyss
    64 | D:1      | Noticed an electric eel
   135 | D:1      | Reached XP level 2. HP: 17/27 MP: 2/2
   355 | D:1      | Reached skill level 4 in Fighting
   554 | D:1      | Reached * piety under Lugonu
   618 | D:2      | Reached XP level 3. HP: 32/33 MP: 3/3
   621 | D:2      | Noticed a human
   675 | D:2      | Found a runed door.
   685 | D:2      | Reached XP level 4. HP: 6/41 MP: 4/4
  1086 | D:2      | Found a basalt altar of Yredelemnul.
  1289 | D:2      | Reached ** piety under Lugonu
  1763 | D:3      | Reached XP level 5. HP: 47/47 MP: 6/6
  1909 | D:3      | Noticed an ogre
  1917 | D:3      | Slain by an ogre

Vault maps used:
D:1:      arrival_aquarium_a
D:2:      first_ration, dk_yredelemnul_ordeal

Skill      XL: |  1  2  3 |
---------------+----------+-----
Invocations    | 2 |  2.8
Fighting       | 4 |  4.5
Armour         | 3 |  3.5
Axes           | 3 |  3.4
Dodging        | 2 |  2.4

Action                   |  1- 3 |  4- 6 || total
-------------------------+-------+-------++-------
Melee: Hand axe          |    44 |    65 ||   109
       Headbutt          |     7 |     8 ||    15
Invok: Depart the Abyss  |     1 |       ||     1
  Use: Scroll            |     2 |     6 ||     8
  Eat: Chunk             |       |     3 ||     3
Armor: Leather armour    |    10 |     6 ||    16
       Scale mail        |       |     9 ||     9
Dodge: Dodged            |    41 |    45 ||    86

Table legend:
 A = Spawn XP
 B = Non-spawn XP
 C = Spawn XP percentage of total XP
 D = Spawn monster count
 E = Non-spawn monster count
 F = Spawn count percentage of total count
 G = Total turns spent on level
                    A         B        C        D         E        F      G
               +---------+---------+-------+---------+---------+-------+---------
         Total |       0 |     207 |   0.0 |       0 |      55 |   0.0 |  1917
               +---------+---------+-------+---------+---------+-------+---------
           D:1 |       0 |      38 |   0.0 |       0 |      13 |   0.0 |   551
           D:2 |       0 |     129 |   0.0 |       0 |      29 |   0.0 |   965
           D:3 |       0 |      40 |   0.0 |       0 |      13 |   0.0 |   339
               +---------+---------+-------+---------+---------+-------+---------
